 Dungeon Crawl Stone Soup version 0.19-a0-957-gf4ea323 (webtiles) character file.

163 mistymad the Covered (level 5, 0/34 HPs)
             Began as a Gargoyle Fighter on July 11, 2016.
             Slain by an ogre
             ... wielding a +0 giant club
              (9 damage)
             ... on level 4 of the Dungeon.
             The game lasted 00:04:14 (2417 turns).

mistymad the Covered (Gargoyle Fighter)             Turns: 2417, Time: 00:04:15

Health: 0/34       AC: 12    Str: 19    XL:     5   Next: 44%
Magic:  5/5        EV:  7    Int:  9    God:
Gold:   216        SH:  9    Dex: 10    Spells: 0 memorised, 4 levels left

rFire  . . .     SeeInvis .     a - +0 flail
rCold  . . .     Gourm    .     b - +0 scale mail
rNeg   + . .     Faith    .     c - +0 shield
rPois  ∞         Spirit   .     (no helmet)
rElec  +         Dismiss  .     (no cloak)
rCorr  .         Reflect  .     (no gloves)
SustAt .         Harm     .     g - +0 pair of boots
MR     .....                    (no amulet)
Stlth  ..........               (no ring)
                                (no ring)

@: not resistant to hostile enchantments, extremely unstealthy
A: negative energy resistance 1, electricity resistance, unbreathing,
petrification resistance, rot immunity, AC +4
a: no special abilities


You were on level 4 of the Dungeon.
You were not hungry.

You visited 1 branch of the dungeon, and saw 4 of its levels.

You collected 216 gold pieces.

Inventory:

Hand Weapons
 a - a +0 flail (weapon)
Armour
 b - a +0 scale mail (worn)
 c - a +0 shield (worn)
 g - a +0 pair of boots (worn)
Wands
 r - a wand of teleportation (0/9)
Scrolls
 h - 2 scrolls of amnesia {unknown}
 i - a scroll of fear {unknown}
 j - 2 scrolls of identify {unknown}
 l - 2 scrolls of fog {unknown}
 m - a scroll of random uselessness {unknown}
Potions
 d - 2 potions of might
 e - a potion of heal wounds {unknown}
 k - a potion of berserk rage {unknown}
 n - 2 potions of curing {unknown}
 p - a potion of lignification {unknown}
 q - a potion of brilliance {unknown}
Comestibles
 f - 4 bread rations
 o - 2 fruits


   Skills:
 + Level 4.3 Fighting
 + Level 3.1 Maces & Flails
 + Level 4.5 Armour
 + Level 4.1 Shields


You had 4 spell levels left.
You didn't know any spells.

Dungeon Overview and Level Annotations

Branches:
Dungeon (4/15)
 Temple: D:4-7

Altars:
Ashenzari
Cheibriados
Qazlal

Shops:
D:4 [

Annotations:
D:3 mistymad's ghost, amateur GrFi


Innate Abilities, Weirdness & Mutations

You are resistant to torment.
Your stone body is resilient. (AC +4)
You are immune to poison.
You resist negative energy. (rN+)
You are resistant to electric shocks. (rElec)
You can survive without breathing.
You are immune to petrification.
You are immune to rotting.


Message History

You continue eating. x2
You finish eating.
This raw flesh tastes terrible.
You open the door.
Found Deyrotwa's Antique Armour Boutique.
There is an open door here.
There is an entrance to Deyrotwa's Antique Armour Boutique here.
There is an open door here.
Found a morningstar.
An ogre comes into view. It is wielding a giant club.
The ogre shouts!
An ogre is nearby!
You sock the ogre!
The ogre is moderately wounded.
The ogre hits you with a giant club!!
Ouch! That really hurt!
* * * LOW HITPOINT WARNING * * *
You take 25 damage, and have 9/34 hp.
MASSIVE DAMAGE!!
You are too injured to fight recklessly!
The ogre hits you with a giant club!
You die...

.. #≈§≈§§# #####.. #.
#≈#.#≈# #...... ## #.
#§§∩.§# #.###..
....##.###§#.#≈# #.# #..
.. .....##§≈.≈§####.###..
... ...####'###.........
#.#.###.###...##.##.##...
...)................##...
.#.....@...........##...
#.#...O...........##...
........###...##.#####...
..####.## #...##... ....
#. ......##### ###. ..
.##....# ### #....#


You could see an ogre.

Vanquished Creatures
  Ijyb (D:3)
  2 worker ants
  An adder (D:4)
  An ooze (D:1)
  2 worms (D:2)
  2 dart slugs (D:2)
  3 giant geckos
  An orc (D:4)
  A ball python (D:3)
  2 giant cockroaches
  9 goblins
  6 hobgoblins
  3 jackals
  A quokka (D:3)
  9 bats
  3 giant newts
  8 kobolds
  7 rats
62 creatures vanquished.

Notes
Turn   | Place    | Note
-------+----------+-------------------------------------------
     0 | D:1      | mistymad the Gargoyle Fighter began the quest for the Orb.
     0 | D:1      | Reached XP level 1. HP: 14/14 MP: 1/1
    68 | D:1      | Reached XP level 2. HP: 17/19 MP: 2/2
   556 | D:1      | Reached XP level 3. HP: 23/23 MP: 3/3
   922 | D:2      | Found a snail-covered altar of Cheibriados.
   923 | D:2      | Found a stormy altar of Qazlal.
  1240 | D:2      | Reached XP level 4. HP: 29/29 MP: 4/4
  1422 | D:3      | Found a shattered altar of Ashenzari.
  1491 | D:3      | Noticed Ijyb
  1594 | D:3      | Killed Ijyb
  1594 | D:3      | Reached XP level 5. HP: 33/33 MP: 5/5
  1612 | D:3      | Noticed mistymad's ghost (amateur GrFi)
  2402 | D:4      | Found Deyrotwa's Antique Armour Boutique.
  2413 | D:4      | Noticed an ogre
  2417 | D:4      | Slain by an ogre

Vault maps used:
D:1:      tarquinn_simple_flora_water_c, minmay_misc_feat_room,
          minmay_small_reverse_x
D:2:      gammafunk_temple_overflow_statue
D:3:      evilmike_ruin_ashenzari, uniq_iyjb
D:4:      lemuel_round_altar, serial_shops, kennysheep_little_box

Skill      XL: |  1  2  3  4  5 |
---------------+----------------+-----
Armour         | 4 |  4.5
Fighting       | 4 |  4.3
Shields        | 4 |  4.1
Maces & Flails | 3 |  3.1

Action                   |  1- 3 |  4- 6 || total
-------------------------+-------+-------++-------
Melee: Flail             |   147 |   113 ||   260
  Eat: Chunk             |     1 |     4 ||     5
       Fruit             |       |     1 ||     1
Armor: Scale mail        |    87 |    47 ||   134
Dodge: Dodged            |    40 |    34 ||    74
Block: Shield            |    83 |    63 ||   146
